 Dungeon Crawl Stone Soup version 0.20.0-8-g6b59dc7 (webtiles) character file.

2098670 kuniqs the Rapturous (level 27, 157/157 HPs)
             Began as a Vine Stalker Fighter on May 31, 2017.
             Was a Follower of Uskayaw.
             Escaped with the Orb
             ... and 3 runes on June 2, 2017!
             The game lasted 01:47:30 (46672 turns).

kuniqs the Rapturous (Vine Stalker Fighter)        Turns: 46672, Time: 01:47:31

Health: 157/157    AC: 43    Str: 33    XL:     27
Magic:  43/43      EV: 23    Int:  4    God:    Uskayaw [*.....]
Gold:   4343       SH: 18    Dex: 17    Spells: 26/26 levels left

rFire    + + +     SeeInvis +   W - +8 rapier of Uncomfortable Rashes {venom, rF+ rN+ Str+2 Int-4}
rCold    + . .     Gourm    .   z - +2 shield {AC+3}
rNeg     + . .     Faith    .   H - +10 gold dragon scales
rPois    +         Spirit   +   K - +1 helmet {SInv}
rElec    .         Reflect  .   k - +2 cloak
rCorr    +         Harm     .   O - +2 pair of gloves of Autumn {MP+9 Str+4 SInv}
MR       +++..                  E - +2 pair of boots {run}
Stlth    ..........             P - amulet of Boeriz {rF+ Regen+}
Regen    1.6/turn               S - +5 ring of evasion
MPRegen  0.3/turn               D - ring of resist corrosion

@: hasted, very quick
A: fangs 3, blurry vision 1, [deformed body], deterioration 1, low mp 1,
regeneration 2, weak 1, magic shield, antimagic bite, no potion heal 3, rot
immunity, [MP-powered wands]
0: Orb of Zot
}: 3/15 runes: decaying, serpentine, silver
a: Stomp, Renounce Religion


You escaped.
You worshipped Uskayaw.
Uskayaw was greatly pleased with you.
You were very full.

You visited 8 branches of the dungeon, and saw 46 of its levels.
You visited 2 bazaars.
You also visited: Volcano and Wizlab.

You collected 7388 gold pieces.
You spent 3045 gold pieces at shops.

Inventory:

Hand Weapons
 m - a +4 rapier of electrocution
 W - the +8 rapier of Uncomfortable Rashes (weapon) {venom, rF+ rN+ Str+2 Int-4}
   (You found it on level 3 of the Depths)

   It poisons the flesh of those it strikes.
   It affects your strength (+2).
   It affects your intelligence (-4).
   It protects you from fire.
   It protects you from negative energy.
Missiles
 x - 4 throwing nets (quivered)
Armour
 k - a +2 cloak (worn)
 l - the +4 moon troll leather armour {Spirit, Regen++ MP+5}
   (You took it off a moon troll in a wizard's laboratory)

   It affects your magic capacity (+5).
   It increases your rate of regeneration.
 w - a +1 shield of fire resistance
 z - a +2 shield of protection (worn)
 E - a +2 pair of boots of running (worn)
 H - +10 gold dragon scales (worn)
 K - a +1 helmet of see invisible (worn)
 O - the +2 pair of gloves of Autumn (worn) {MP+9 Str+4 SInv}
   (You bought it in a shop in a bazaar)

   It affects your strength (+4).
   It affects your magic capacity (+9).
   It lets you see invisible.
Jewellery
 g - an uncursed ring of protection from cold
 s - an uncursed amulet of rage {unknown}
 D - a ring of resist corrosion (right hand)
 N - an uncursed ring of protection from magic
 P - the amulet of Boeriz (around neck) {rF+ Regen+}
   (You bought it in a shop on level 1 of the Snake Pit)

   [amulet of regeneration]

   It protects you from fire.
   It increases your rate of regeneration.
 S - a +5 ring of evasion (left hand)
 U - an uncursed ring of protection from fire
Wands
 a - a wand of acid (14/15)
 Q - a wand of digging (6/24)
 T - a wand of clouds (2/9)
Scrolls
 b - 14 scrolls of remove curse {@r2}
 i - 4 scrolls of holy word
 o - 13 scrolls of teleportation
 u - 8 scrolls of immolation
 y - 12 scrolls of fear
 A - 6 scrolls of recharging
 C - 3 scrolls of vulnerability
 F - 2 scrolls of blinking
 G - a scroll of enchant weapon
 I - 2 scrolls of fog
 L - 2 scrolls of silence
 R - a scroll of summoning
 V - 10 scrolls of identify {@r1}
Potions
 j - 7 potions of haste
 n - 14 potions of curing {@q1}
 p - 3 potions of berserk rage
 q - 3 potions of agility
 r - 2 potions of invisibility
 t - 3 potions of flight
 v - 6 potions of might
 B - 10 potions of mutation
 M - a potion of cancellation
Miscellaneous
 X - a lightning rod (2/4)
Comestibles
 d - 19 bread rations
 e - 24 meat rations
 f - 43 fruits
 h - 17 royal jellies


   Skills:
 + Level 20.3 Fighting
 - Level 14.0 Short Blades
 + Level 18.8 Armour
 + Level 18.7 Dodging
 - Level 10.5 Stealth
 - Level 15.3 Shields
 + Level 21.5 Invocations


You had 26 spell levels left.
You didn't know any spells.

Dungeon Overview and Level Annotations

Branches:
Dungeon (15/15)            Temple (0/1) D:6            Lair (6/6) D:10
  Swamp (4/4) Lair:2        Snake (4/4) Lair:2        Slime (0/5) Lair:6
    Orc (2/2) D:9             Elf (0/3) Orc:2        Vaults (5/5) D:14
  Crypt (0/3) Vaults:2     Depths (5/5) D:15            Zot (5/5) Depths:5

Altars:
Ashenzari
Cheibriados
Dithmenos
Elyvilon
Fedhas
Gozag
Okawaru
Sif Muna
Trog
Uskayaw
Xom
Zin
The Shining One
Jiyva

Shops:
D:3 *   D:6 *   D:8 [   Orc:2 ((}*   Snake:1 =}}   Snake:2 !

Portals:
Hell: Depths:1 Depths:2 Depths:3 Depths:4 Depths:5
Abyss: Depths:4 Depths:5
Pandemonium: Depths:3
Ziggurat: Depths:2
Trove: Depths:2 (give 15 scrolls of teleportation)

Annotations:
Swamp:2 exclusion: oklob plant
Depths:3 1 runed door


Innate Abilities, Weirdness & Mutations

You have razor-sharp teeth.
You heal very quickly.
When hurt, damage is shared between your health and your magic reserves.
Your bite disrupts and absorbs the magic of your enemies.
Potions cannot restore your health.
You are immune to rotting.
Scrolls take you a little longer to read.
Your body sometimes deteriorates upon taking damage.
Your magical capacity is low. (-10% MP)
You are weak. (Str -2)
[Armour fits poorly on your strangely shaped body.]
[You expend magic power (3 MP) to strengthen your wands.]


Message History

The torturous black sun begins absorbing vital energies!
Things that are here:
a club; 2 stones; a whip Unknown command.
You feel yourself speed up.
You see here 2 stones.
The gelid corrupter calls forth creatures from the Crypt!
You see here a stone.
The vampire knight points at you and mumbles some strange words.
You resist with almost no effort.
You enter the shallow water.
Moving in this stuff is going to be slow.
(D) Dungeon (T) Temple (L) Lair (S) Swamp (P) Snake Pit (M) Slime Pits (O) Orcish Mines (E) Elven Halls (V) Vaults (C) Crypt (U) Depths (H) Hell (Z) Zot
Where to? (Enter - D:1 @ (x,y), ? - help)
You found a teleport trap!
There is a staircase leading out of the dungeon here.
You have escaped!

###############
#...P..@.P≈≈P.#
##P...PP...P≈≈P#
##.#.P≈.....≈≈..#
#≈≈#...≈....P.P.#
#.≈≈≈...P....≈≈.#
##≈≈≈..........##
#P≈.PP≈.PP.^....#
#P≈.....P≈≈P..PP#
##≈≈P..........##


There were no monsters in sight!

Vanquished Creatures
  3 orbs of fire (Zot:5)
  Mennas (Depths:2)
  9 ancient liches
  2 pandemonium lords
  Mara (Snake:4)
  A juggernaut (Depths:4)
  Boris (Depths:4)
  Frederick (Depths:3)
  Bai Suzhen (Vaults:3)
  4 Killer Klowns
  Xtahua (Vaults:2)
  A curse toe (Zot:5)
  Margery (Depths:5)
  Jory (Depths:3)
  Nikola (Swamp:1)
  7 golden dragons
  the Enchantress (Depths:3)
  3 electric golems
  Jorgrun (Depths:2)
  2 Ice Fiends
  4 tentacled monstrosities
  4 liches
  A moon troll (WizLab)
  23 Orb Guardians
  5 titans
  Asterion (Vaults:2)
  4 quicksilver dragons
  5 death cobs
  4 thorn hunters
  6 tentacled starspawn (WizLab)
  3 sphinxes
  3 draconian monks
  Kirke (Swamp:2)
  Roxanne (Swamp:1)
  9 shadow dragons
  12 storm dragons
  6 tengu reavers (Vaults:5)
  17 nagarajas
  2 azure jellies (Swamp:4)
  3 daevas (Depths:2)
  17 fire giants
  2 ghost moths (Zot:4)
  12 frost giants
  11 vault wardens
  5 draconian knights
  A deep elf sorcerer (Depths:4)
  3 draconian scorchers
  4 draconian shifters
  A cacodemon (WizLab)
  A deep elf elementalist (Depths:4)
  4 draconian stormcallers
  5 spriggan defenders
  18 ironheart preservers
  3 angels
  37 very ugly things
  A reaper (Depths:2)
  Aizul (Swamp:3)
  4 draconian annihilators
  A war gargoyle (Vaults:5)
  26 stone giants
  2 entropy weavers
  Nessos (D:14)
  A deep elf demonologist (Vaults:4)
  6 green draconians
  A lorocyproca (D:15)
  8 black draconians
  6 red draconians
  4 vampire knights
  9 white draconians
  6 purple draconians
  2 deep elf annihilators (Vaults:5)
  2 dire elephants
  7 spark wasps
  8 yellow draconians
  A crystal guardian (WizLab)
  2 jiangshi (Depths:2)
  11 ettins
  18 yaktaur captains
  4 deep elf death magi
  Josephine (Lair:4)
  3 deep elf high priests
  10 fire dragons
  10 great orbs of eyes
  26 vault guards
  11 naga warriors
  8 spriggan air magi
  15 hydras
  4 rakshasas
  10 ice dragons
  11 centaur warriors
  2 ghost crabs (Swamp:1)
  15 anacondas
  2 catoblepae
  21 ogre magi
  3 death knights
  71 two-headed ogres
  10 deep troll shamans
  10 alligators
  4 tengu warriors
  7 deep troll earth magi
  A two-headed ogre (shapeshifter) (Depths:3)
  2 death yaks
  5 shock serpents
  A soul eater (D:10)
  A vampire mage (Depths:2)
  11 naga sharpshooters
  9 spriggan berserkers
  7 hell knights
  Sonja (D:12)
  Nergalle (Orc:1)
  7 deep elf knights
  2 fire crabs (shapeshifter)
  A fire crab (Lair:6)
  A sun demon (Zot:5)
  A sixfirhy (Depths:3)
  A shadow wraith (Vaults:1)
  2 spriggan druids (Swamp:2)
  7 iron trolls
  2 wretched stars (WizLab)
  6 cherubim (Depths:2)
  The ghost of pichaelthompson the Cudgeler, a novice DsGl of Qazlal (D:8)
  38 deep trolls
  3 skeletal warriors
  2 salamander mystics (Snake:4)
  2 unseen horrors (D:13)
  An orange crystal statue (WizLab)
  A flayed ghost (Vaults:3)
  4 swamp dragons
  3 shambling mangroves
  9 naga ritualists
  7 glowing orange brains
  16 ironbrand convokers
  An obsidian statue (Volcano)
  7 deep elf archers
  15 orc knights
  5 necromancers
  8 phantasmal warriors
  6 wizards
  An orb spider (shapeshifter) (Depths:1)
  A harpy (shapeshifter) (Depths:3)
  3 orc sorcerers
  A frost giant zombie (Vaults:5)
  An oklob plant (Swamp:2)
  A mana viper (shapeshifter) (Depths:3)
  44 ugly things
  5 wolf spiders
  A human zombie (Vaults:5)
  7 manticores
  9 moths of wrath
  3 cyclopes
  A tengu skeleton (Depths:3)
  17 deep elf magi
  10 mana vipers
  25 elephants
  12 salamanders
  A spriggan zombie (Depths:3)
  15 vault sentinels
  Maurice (Orc:2)
  A guardian serpent (shapeshifter) (Depths:4)
  15 guardian serpents
  3 rust devils
  24 naga magi
  48 black mambas
  2 smoke demons (D:11)
  A centaur zombie (D:12)
  2 gargoyles
  A storm dragon simulacrum (Depths:3)
  3 eyes of devastation (WizLab)
  20 spiny frogs
  An elf zombie (Vaults:5)
  2 rime drakes
  6 komodo dragons
  2 efreet
  A rime drake (shapeshifter) (Vaults:2)
  3 hellwings
  14 freezing wraiths
  56 yaktaurs
  An ice devil (Depths:2)
  A yaktaur (shapeshifter) (Vaults:1)
  A red devil (D:10)
  13 trolls
  16 polar bears
  30 slime creatures
  11 tyrant leeches
  31 hornets
  27 blink frogs
  19 dream sheep
  3 raiju (Lair:6)
  7 bog bodies
  8 hippogriffs
  A dream sheep (shapeshifter) (Vaults:1)
  2 tarantellas
  9 air elementals
  A yak (shapeshifter) (Depths:3)
  2 redbacks
  23 spriggans
  A ynoxinul (D:11)
  21 yaks
  7 fire bats (Volcano)
  2 vampires (D:15)
  6 wraiths
  4 basilisks
  A human (shapeshifter) (Vaults:1)
  18 wyverns
  17 humans
  A shadow (Swamp:4)
  7 golden eyes (WizLab)
  4 basilisks (shapeshifter)
  A chaos spawn (D:10)
  4 hungry ghosts
  26 vampire mosquitoes
  2 neqoxecs (WizLab)
  3 swamp worm simulacra (Swamp:4)
  A golden eye (shapeshifter) (Depths:5)
  A redback simulacrum (D:15)
  2 steam dragons (D:7)
  8 hogs
  A swamp worm (shapeshifter) (D:14)
  10 wargs
  11 insubstantial wisps
  10 swamp worms
  2 wargs (shapeshifter)
  Menkaure (D:6)
  53 nagas
  A soldier ant (D:13)
  18 water moccasins
  3 acid dragons
  12 hell hounds (Lair:6)
  7 porcupines
  14 hydra simulacra (Swamp:4)
  48 orc warriors
  10 swamp drakes
  2 eyes of draining (D:15)
  4 sky beasts
  An eye of draining (shapeshifter) (Vaults:5)
  11 ice beasts
  5 phantoms
  16 black bears
  15 boggarts
  26 centaurs
  An elf skeleton (Vaults:5)
  2 necrophages (D:9)
  45 ogres
  18 wolves
  12 crocodiles
  7 big kobolds
  19 bullfrogs
  2 earth elementals (Volcano)
  A glowing shapeshifter simulacrum (Vaults:3)
  2 gnoll sergeants (D:9)
  3 scorpions
  3 killer bees (D:11)
  12 wights
  6 howler monkeys
  2 electric eels
  6 lava snakes (Volcano)
  9 crimson imps
  15 starcursed masses (WizLab)
  A human simulacrum (Vaults:3)
  5 quasits
  A wyvern simulacrum (D:9)
  A bullfrog zombie (D:10)
  3 hounds
  4 bullfrog skeletons
  4 centaur skeletons
  5 jellies
  21 orc priests
  An iron imp (Depths:2)
  24 orc wizards
  3 iguanas
  13 worker ants
  A hound zombie (D:5)
  2 worker ant zombies (D:9)
  14 gnolls
  11 adders
  2 hound simulacra (D:9)
  2 shadow imps
  2 white imps (D:9)
  A howler monkey simulacrum (D:9)
  3 ufetubi
  5 swamp drake simulacra (Swamp:4)
  2 adder skeletons
  2 adder zombies
  A worm (D:4)
  A dart slug (D:1)
  2 adder simulacra (D:9)
  3 leopard geckos
  91 orcs
  9 bats
  3 bat zombies (D:2)
  3 giant cockroaches
  10 goblins
  17 hobgoblins
  6 jackals
  17 kobolds
  4 quokkas
  4 ball pythons
  A ball python skeleton (D:2)
  A frilled lizard (D:3)
  A giant cockroach zombie (D:2)
  A jackal skeleton (D:6)
  A jackal zombie (D:5)
  A quokka skeleton (D:10)
  4 rats (D:1)
  A butterfly (Lair:2)
  A plant (Lair:6)
  6 starspawn tentacles (WizLab)
2340 creatures vanquished.

Vanquished Creatures (others)
  A bog body (Swamp:1)
  3 blink frogs (Swamp:4)
  A vampire (D:15)
  2 humans
  A naga (Snake:4)
  A swamp drake (Swamp:1)
  2 ogres
  An orc (Vaults:4)
  47 fungi
  15 plants
  8 starspawn tentacles (WizLab)
82 creatures vanquished.

Grand Total: 2422 creatures vanquished

Notes
Turn   | Place    | Note
-------+----------+-------------------------------------------
     0 | D:1      | kuniqs the Vine Stalker Fighter began the quest for the Orb.
     0 | D:1      | Reached XP level 1. HP: 11/11 MP: 2/2
    51 | D:1      | Reached XP level 2. HP: 15/16 MP: 3/3
   281 | D:1      | Reached XP level 3. HP: 20/20 MP: 4/4
   946 | D:2      | Found a blossoming altar of Fedhas.
   961 | D:2      | Reached skill level 1 in Dodging
  1180 | D:2      | Gained mutation: Your natural rate of healing is unusually fast. [Vine Stalker growth]
  1180 | D:2      | Reached XP level 4. HP: 24/24 MP: 5/5
  1288 | D:3      | Found Gozag's Platinum Reserve.
  1304 | D:3      | Found a bloodstained altar of Trog.
  1555 | D:3      | Found an opulent altar of Gozag.
  1719 | D:3      | Reached XP level 5. HP: 14/28 MP: 3/6
  1991 | D:4      | Noticed a phantom
  2009 | D:4      | Identified Uvaumer's Reference Book on the Shifting Volcanoes
  2095 | D:4      | Found a hide-covered altar of Uskayaw.
  2104 | D:4      | Became a worshipper of Uskayaw the Reveler
  2150 | D:4      | Reached * piety under Uskayaw
  2156 | D:4      | Reached XP level 6. HP: 21/32 MP: 7/7
  2212 | D:4      | Reached ** piety under Uskayaw
  2226 | D:4      | Killed a phantom
  2268 | D:4      | Reached skill level 1 in Invocations
  2269 | D:4      | Reached *** piety under Uskayaw
  2271 | D:4      | Reached **** piety under Uskayaw
  2351 | D:4      | Reached XP level 7. HP: 20/37 MP: 5/9
  2669 | D:4      | Found a shadowy altar of Dithmenos.
  2696 | D:4      | Reached skill level 2 in Invocations
  2772 | D:5      | Entered Level 5 of the Dungeon
  2809 | D:5      | Found a shimmering altar of Xom.
  2872 | D:5      | Found a shattered altar of Ashenzari.
  3013 | D:5      | Found a glowing golden altar of the Shining One.
  3151 | D:5      | Gained mutation: You have razor-sharp teeth. [Vine Stalker growth]
  3151 | D:5      | Reached XP level 8. HP: 33/42 MP: 10/10
  3280 | D:5      | Got a crystal short sword
  3281 | D:5      | Identified the +9 short sword of Guqucw {pierce, +Blink +Inv rN++} (You found it on level 5 of the Dungeon)
  3466 | D:6      | Found Ominilia's General Store.
  3472 | D:6      | Reached skill level 3 in Invocations
  3477 | D:6      | Bought a potion of mutation for 80 gold pieces
  3537 | D:6      | Found a staircase to the Ecumenical Temple.
  3925 | D:6      | Noticed Menkaure
  3928 | D:6      | Found a white marble altar of Elyvilon.
  3932 | D:6      | Killed Menkaure
  3932 | D:6      | Reached XP level 9. HP: 46/46 MP: 12/12
  3981 | D:5      | Found an iron altar of Okawaru.
  4022 | D:6      | Reached skill level 5 in Fighting
  4022 | D:6      | Reached skill level 5 in Shields
  4084 | D:6      | Found a deep blue altar of Sif Muna.
  4208 | D:6      | Reached skill level 4 in Invocations
  4409 | D:7      | Reached skill level 5 in Armour
  4411 | D:7      | Reached skill level 5 in Short Blades
  4416 | D:7      | Reached ***** piety under Uskayaw
  4753 | D:7      | Reached skill level 5 in Invocations
  4758 | D:7      | Reached XP level 10. HP: 36/53 MP: 14/14
  5212 | D:8      | Noticed pichaelthompson's ghost (novice DsGl)
  5290 | D:8      | Killed pichaelthompson's ghost
  5372 | D:8      | Found Mawiegala's Armour Shop.
  5385 | D:8      | Bought a +0 pair of gloves of strength for 126 gold pieces
  5987 | D:9      | Reached skill level 5 in Dodging
  6111 | D:9      | Reached skill level 6 in Invocations
  6126 | D:9      | Reached ****** piety under Uskayaw
  6144 | D:9      | Noticed a death yak
  6153 | D:9      | Reached XP level 11. HP: 46/58 MP: 13/16
  6187 | D:9      | Killed a death yak
  6301 | D:9      | Found a staircase to the Orcish Mines.
  6498 | D:9      | Noticed a two-headed ogre
  6523 | D:9      | Killed a two-headed ogre
  6733 | D:10     | Entered Level 10 of the Dungeon
  6803 | D:10     | Reached skill level 7 in Invocations
  6895 | D:10     | Found a staircase to the Lair.
  7584 | D:11     | Noticed an ogre mage
  7588 | D:11     | Noticed a two-headed ogre
  7593 | D:11     | Killed a two-headed ogre
  7601 | D:11     | Killed an ogre mage
  7604 | D:11     | Noticed a two-headed ogre
  7612 | D:11     | Killed a two-headed ogre
  7612 | D:11     | Gained mutation: You heal very quickly. [Vine Stalker growth]
  7612 | D:11     | Reached XP level 12. HP: 42/63 MP: 15/18
  8413 | D:12     | Noticed Sonja
  8418 | D:12     | Killed Sonja
  8418 | D:12     | Reached skill level 8 in Invocations
  8785 | D:14     | Found a gate to the Vaults.
  8785 | D:14     | Noticed Nessos
  8785 | D:14     | Noticed a two-headed ogre
  8785 | D:14     | Noticed a two-headed ogre
  8787 | D:14     | Noticed a centaur warrior
  8879 | Lair:1   | Entered Level 1 of the Lair of Beasts
  8979 | Lair:1   | Got a spiked chain mail
  8980 | Lair:1   | Identified the +1 chain mail of Ytzin {Str+4 Int+4 SInv} (You found it on level 1 of the Lair of Beasts)
  9561 | Lair:2   | Found a staircase to the Swamp.
  9802 | Lair:2   | Reached XP level 13. HP: 59/69 MP: 18/20
 10096 | Lair:2   | Found a staircase to the Snake Pit.
 10270 | Lair:2   | Reached skill level 9 in Invocations
 11018 | Lair:3   | Noticed a dire elephant
 11034 | Lair:3   | Killed a dire elephant
 11636 | Lair:4   | Noticed Josephine
 11645 | Lair:4   | Killed Josephine
 11645 | Lair:4   | Reached XP level 14. HP: 75/75 MP: 22/22
 12235 | Lair:5   | Reached skill level 10 in Invocations
 12708 | Lair:5   | You fall through a shaft!
 12708 | Lair:6   | Entered Level 6 of the Lair of Beasts
 12999 | Lair:6   | Reached skill level 10 in Fighting
 13107 | Lair:6   | Found a hide-covered altar of Uskayaw.
 13210 | Lair:6   | Reached skill level 10 in Shields
 13313 | Lair:6   | Reached skill level 10 in Short Blades
 13692 | Lair:6   | Reached XP level 15. HP: 78/80 MP: 24/24
 13824 | Lair:6   | Found a viscous altar of Jiyva.
 13824 | Lair:6   | Found a staircase to the Slime Pits.
 14037 | Lair:6   | Reached skill level 11 in Invocations
 14419 | Orc:1    | Entered Level 1 of the Orcish Mines
 14546 | Orc:1    | Noticed Nergalle
 14553 | Orc:1    | Killed Nergalle
 14677 | Orc:2    | Entered Level 2 of the Orcish Mines
 14677 | Orc:2    | Found a dark tunnel.
 14744 | Volcano  | Entered a volcano
 14847 | Volcano  | Found a bloodstained altar of Trog.
 14860 | Volcano  | Reached skill level 10 in Armour
 15128 | Orc:2    | Found a staircase to the Elven Halls.
 15358 | Orc:2    | Noticed Maurice
 15529 | Orc:2    | Killed Maurice
 15658 | Orc:2    | Found Gis Noss's Gadget Boutique.
 15658 | Orc:2    | Found Hicyrph's Weapon Shoppe.
 15660 | Orc:2    | Found Inygehem's Weapon Emporium.
 15662 | Orc:2    | Found Homihed's General Store.
 15862 | Swamp:1  | Entered Level 1 of the Swamp
 16338 | Swamp:1  | Noticed Roxanne
 16400 | Swamp:1  | Noticed Nikola
 16426 | Swamp:1  | Killed Roxanne
 16427 | Swamp:1  | Identified Roxanne's Almanac of Stones (You took it off Roxanne on level 1 of the Swamp)
 16815 | Swamp:2  | Reached XP level 16. HP: 68/87 MP: 19/25
 16919 | Swamp:2  | Noticed Kirke
 16923 | Swamp:2  | Killed Kirke
 16923 | Swamp:2  | Reached skill level 10 in Dodging
 17206 | Swamp:2  | Noticed a thorn hunter
 17216 | Swamp:2  | Killed a thorn hunter
 17228 | Swamp:2  | Noticed a thorn hunter
 17248 | Swamp:2  | Killed a thorn hunter
 17283 | Swamp:2  | Noticed a thorn hunter
 17300 | Swamp:2  | Killed a thorn hunter
 17375 | Swamp:2  | Reached skill level 12 in Invocations
 18084 | Swamp:3  | Noticed Aizul
 18093 | Swamp:3  | Killed Aizul
 18522 | Swamp:3  | Identified the +1 short sword of Zaoto {freeze, Str+5} (You found it on level 3 of the Swamp)
 18588 | Swamp:4  | Entered Level 4 of the Swamp
 19011 | Swamp:4  | Noticed a thorn hunter
 19032 | Swamp:4  | Killed a thorn hunter
 19254 | Swamp:4  | Reached XP level 17. HP: 93/93 MP: 27/27
 19734 | Swamp:1  | Killed Nikola
 19929 | Snake:1  | Entered Level 1 of the Snake Pit
 20258 | Snake:1  | Found Nokan's Gadget Shop.
 20260 | Snake:1  | Found Reyneet's Jewellery Shoppe.
 20261 | Snake:1  | Found Mumel's Gadget Shop.
 20277 | Snake:1  | Bought the amulet of Boeriz {rF+ Regen+} for 660 gold pieces
 20285 | Snake:1  | Bought a wand of digging (12/24) for 480 gold pieces
 20313 | Snake:1  | Bought a +5 ring of evasion for 825 gold pieces
 20364 | Snake:1  | You fall through a shaft!
 20472 | Snake:2  | Found Begop's Distillery.
 20975 | Snake:2  | Found a flickering gateway to a bazaar.
 22042 | Snake:3  | Reached skill level 13 in Invocations
 22301 | Snake:3  | Reached XP level 18. HP: 90/99 MP: 28/28
 22882 | Snake:4  | Entered Level 4 of the Snake Pit
 23322 | Snake:4  | Noticed Mara
 23329 | Snake:4  | Found a snail-covered altar of Cheibriados.
 23335 | Snake:4  | Noticed kuniqs's illusion
 23347 | Snake:4  | Killed Mara
 24512 | Snake:4  | Reached XP level 19. HP: 70/104 MP: 24/30
 24662 | Snake:4  | Got a serpentine rune of Zot
 25296 | Swamp:4  | Got a decaying rune of Zot
 25625 | D:13     | Reached skill level 14 in Invocations
 26795 | D:14     | Killed Nessos
 27289 | Vaults:1 | Entered Level 1 of the Vaults
 28146 | Vaults:1 | Reached XP level 20. HP: 110/110 MP: 31/31
 28624 | Vaults:2 | Noticed Xtahua
 28628 | Vaults:2 | Killed Xtahua
 28656 | Vaults:2 | Found a magical portal.
 28661 | WizLab   | Entered Lehudib's Moon Base
 28927 | WizLab   | Found a transporter.
 28980 | WizLab   | Paralysed by accursed screaming for 1 turns
 29234 | WizLab   | Paralysed by accursed screaming for 2 turns
 29239 | WizLab   | Paralysed by accursed screaming for 1 turns
 29676 | WizLab   | Found a transporter.
 29771 | Vaults:2 | Reached skill level 15 in Invocations
 29848 | Vaults:2 | Noticed a lich
 29857 | Vaults:2 | Killed a lich
 29857 | Vaults:2 | Reached skill level 1 in Stealth
 29884 | Vaults:2 | Found a staircase to the Crypt.
 29923 | Vaults:2 | Noticed Asterion
 29934 | Vaults:2 | Killed Asterion
 30113 | Vaults:2 | Reached XP level 21. HP: 63/116 MP: 33/33
 31030 | Vaults:3 | Noticed Bai Suzhen
 31051 | Vaults:3 | Killed Bai Suzhen
 31066 | Vaults:3 | Found a flickering gateway to a bazaar.
 31072 | Bazaar   | Entered a bazaar
 31076 | Bazaar   | Found Daptogey's Weapon Boutique.
 31094 | Bazaar   | Found Noan's Antique Weapon Emporium.
 31111 | Bazaar   | Found Hycryol's Weapon Boutique.
 31128 | Bazaar   | Found Iqew's Antique Armour Shoppe.
 31133 | Bazaar   | Bought a runed shield for 225 gold pieces
 31133 | Bazaar   | Bought a crude scale mail for 270 gold pieces
 31133 | Bazaar   | Identified the +7 scale mail "Paneto" {rElec rPois Slay-3} (You bought it in a shop in a bazaar)
 31413 | Vaults:3 | Reached skill level 5 in Stealth
 32808 | Vaults:4 | Reached skill level 15 in Fighting
 32836 | Vaults:4 | Reached XP level 22. HP: 116/122 MP: 34/34
 33552 | Vaults:4 | Reached skill level 15 in Shields
 33552 | Vaults:4 | Reached skill level 16 in Invocations
 33849 | Vaults:5 | Entered Level 5 of the Vaults
 33970 | D:15     | Entered Level 15 of the Dungeon
 34453 | D:15     | Found a staircase to the Depths.
 35224 | Depths:1 | Entered Level 1 of the Depths
 35347 | Depths:1 | Found a gateway to Hell.
 36054 | Depths:2 | Found a gateway to a ziggurat.
 36159 | Depths:2 | Reached skill level 10 in Stealth
 36166 | Depths:2 | Noticed Jorgrun
 36184 | Depths:2 | Killed Jorgrun
 36226 | Depths:2 | Reached XP level 23. HP: 101/127 MP: 36/36
 36330 | Depths:2 | Found a portal to a secret trove of treasure.
 36864 | Depths:2 | Identified the cursed +0 scale mail of Quzesyb {rF+ Str+3 Dex-4} (You found it on level 2 of the Depths)
 37217 | Depths:2 | Found a glowing silver altar of Zin.
 37220 | Depths:2 | Noticed Mennas
 37351 | Depths:2 | Killed Mennas
 38338 | Depths:3 | Found a flickering gateway to a bazaar.
 38347 | Bazaar   | Entered a bazaar
 38356 | Bazaar   | Found Xiyrgh's Gadget Shoppe.
 38363 | Bazaar   | Found Jaeket's Antique Weapon Shoppe.
 38374 | Bazaar   | Found Xaake's Antique Armour Boutique.
 38379 | Bazaar   | Found Cedwaol's Distillery.
 38387 | Bazaar   | Bought 2 potions of might for 64 gold pieces
 38387 | Bazaar   | Bought a potion of mutation for 64 gold pieces
 38387 | Bazaar   | Bought a potion of haste for 80 gold pieces
 38395 | Bazaar   | Bought a pair of heavily runed gloves for 171 gold pieces
 38395 | Bazaar   | Identified the +2 pair of gloves of Autumn {MP+9 Str+4 SInv} (You bought it in a shop in a bazaar)
 38492 | Depths:3 | Found a runed door.
 38510 | Depths:3 | Reached skill level 17 in Invocations
 38529 | Depths:3 | Identified the +8 rapier of Uncomfortable Rashes {venom, rF+ rN+ Str+2 Int-4} (You found it on level 3 of the Depths)
 38563 | Depths:3 | Noticed Frederick
 38573 | Depths:3 | Killed Frederick
 38578 | Depths:3 | Noticed Jory
 38595 | Depths:3 | Killed Jory
 38677 | Depths:3 | Reached skill level 15 in Armour
 38785 | Depths:3 | Noticed the Enchantress
 38830 | Depths:3 | Reached XP level 24. HP: 91/135 MP: 36/36
 38855 | Depths:3 | Killed the Enchantress
 38862 | Depths:3 | Reached skill level 15 in Dodging
 38896 | Depths:3 | Got faerie dragon scales
 38899 | Depths:3 | Identified the +3 faerie dragon scales {rCorr Dex+2} (You took it off the Enchantress on level 3 of the Depths)
 39124 | Depths:3 | Found a one-way gate leading to the halls of Pandemonium.
 39967 | Depths:4 | Found a one-way gate to the infinite horrors of the Abyss.
 40149 | Depths:4 | Noticed a juggernaut
 40177 | Depths:4 | Killed a juggernaut
 40615 | Depths:4 | Reached skill level 18 in Invocations
 40666 | Depths:5 | Entered Level 5 of the Depths
 40666 | Depths:5 | Noticed Boris
 40685 | Depths:4 | Killed Boris
 40884 | Depths:5 | Reached XP level 25. HP: 112/140 MP: 37/37
 41026 | Depths:5 | Noticed Margery
 41070 | Depths:5 | Killed Margery
 41374 | Depths:5 | Found a gate to the Realm of Zot.
 42111 | Vaults:5 | Noticed an ancient lich
 42121 | Vaults:5 | Killed an ancient lich
 42180 | Vaults:5 | Reached skill level 19 in Invocations
 42430 | Vaults:5 | Reached XP level 26. HP: 147/147 MP: 37/37
 43056 | Vaults:5 | Identified a +2 pair of boots of running (You found it on level 5 of the Vaults)
 43470 | Vaults:5 | Got a silver rune of Zot
 43976 | Zot:1    | Entered Level 1 of the Realm of Zot
 44551 | Zot:4    | Reached XP level 27. HP: 137/154 MP: 37/37
 44588 | Zot:4    | Reached skill level 20 in Invocations
 44614 | Zot:4    | Noticed an ancient lich
 44645 | Zot:4    | Killed an ancient lich
 44831 | Zot:5    | Entered Level 5 of the Realm of Zot
 45367 | Zot:5    | Noticed an ancient lich
 45381 | Zot:5    | Killed an ancient lich
 45446 | Zot:5    | Noticed an orb of fire
 45457 | Zot:5    | Gained mutation: Your magical capacity is low. (-10% MP) [an orb of fire]
 45469 | Zot:5    | Gained mutation: Scrolls take you a little longer to read. [an orb of fire]
 45493 | Zot:5    | Killed an orb of fire
 45500 | Zot:5    | Noticed an ancient lich
 45508 | Zot:5    | Noticed an ancient lich
 45515 | Zot:5    | Noticed an orb of fire
 45516 | Zot:5    | Killed an ancient lich
 45517 | Zot:5    | Killed an ancient lich
 45520 | Zot:5    | Killed an orb of fire
 45521 | Zot:5    | Noticed an orb of fire
 45529 | Zot:5    | Gained mutation: You are weak. (Str -2) [an orb of fire]
 45532 | Zot:5    | Gained mutation: Your body sometimes deteriorates upon taking damage. [an orb of fire]
 45554 | Zot:5    | Killed an orb of fire
 45588 | Zot:5    | Reached skill level 21 in Invocations
 45614 | Zot:5    | Noticed an ancient lich
 45651 | Zot:5    | Killed an ancient lich
 45729 | Zot:5    | Noticed an ancient lich
 45745 | Zot:5    | Killed an ancient lich
 45801 | Zot:5    | Noticed an ancient lich
 45811 | Zot:5    | Killed an ancient lich
 45850 | Zot:5    | Noticed an ancient lich
 45864 | Zot:5    | Killed an ancient lich
 45896 | Zot:5    | Got the Orb of Zot
 46037 | Zot:4    | Noticed Gaiwkefa the pandemonium lord
 46400 | D:10     | Noticed Nainger the pandemonium lord
 46426 | D:10     | Killed Nainger the pandemonium lord
 46506 | D:6      | Noticed Emep the pandemonium lord
 46521 | D:6      | Killed Emep the pandemonium lord
 46672 | D:$      | Escaped with the Orb!

Skill      XL: |  1  2  3  4  5  6  7  8  9 10 11 12 13 14 15 16 17 18 19 20 21 22 23 24 25 26 27 |
---------------+----------------------------------------------------------------------------------+-----
Short Blades   | 2 3 4 5 6 7 8 9 10 11 12 13 14 | 14.0
Shields        | 3 4 5 6 7 8 9 10 11 12 13 14 15 | 15.3
Fighting       | 3 4 5 6 7 8 9 10 11 12 13 14 15 16 17 18 20 | 20.3
Dodging        | 1 2 3 4 5 6 7 8 9 10 11 12 13 14 15 16 17 18 | 18.7
Armour         | 3 4 5 6 7 8 9 10 11 12 13 14 15 16 17 18 | 18.8
Invocations    | 1 2 3 5 6 7 8 9 10 11 12 13 14 15 16 17 18 19 21 | 21.5
Stealth        | 2 7 10 | 10.5

Action                   |  1- 3 |  4- 6 |  7- 9 | 10-12 | 13-15 | 16-18 | 19-21 | 22-24 | 25-27 || total
-------------------------+-------+-------+-------+-------+-------+-------+-------+-------+-------++-------
Melee: Rapier            |   117 |   185 |    57 |       |       |   741 |  1575 |  1652 |  1544 ||  5871
       Bite              |    29 |    51 |    98 |   252 |   555 |   641 |   806 |   768 |   858 ||  4058
       Short sword       |       |       |   223 |   695 |  1170 |   734 |    13 |    10 |       ||  2845
Throw: Throwing net      |       |       |       |       |       |       |       |       |     6 ||     6
Invok: Grand Finale      |       |       |       |       |       |     3 |     4 |     3 |     3 ||    13
Evoke: Wand              |       |       |       |     4 |       |     2 |       |     2 |     4 ||    12
       Lightning rod     |       |       |       |       |       |       |     2 |       |       ||     2
  Use: Scroll            |       |       |     6 |     4 |    14 |    12 |     9 |     9 |    13 ||    67
       Potion            |       |       |     3 |     4 |       |     1 |     1 |     2 |     8 ||    19
 Stab: Paralysed         |       |     3 |    14 |    37 |   101 |   123 |   164 |   123 |   130 ||   695
       Petrified         |       |       |       |       |     2 |       |       |       |       ||     2
       Sleeping          |       |       |       |       |       |       |     1 |    18 |     7 ||    26
       Distracted        |       |       |       |       |       |       |       |     7 |       ||     7
       Held in net/web   |       |       |       |       |       |       |       |       |     2 ||     2
  Eat: Chunk             |     1 |     4 |     8 |    17 |    22 |    25 |    27 |    27 |    14 ||   145
       Royal jelly       |       |       |       |       |     1 |     2 |     2 |     1 |     3 ||     9
       Meat ration       |       |       |       |       |       |       |       |       |     2 ||     2
Armor: Scale mail        |    16 |       |       |       |       |       |       |       |       ||    16
       Chain mail        |    52 |   139 |    87 |    25 |   287 |       |       |       |       ||   590
       Plate armour      |       |       |    20 |   196 |       |       |       |       |       ||   216
       Swamp dragon scal |       |       |       |       |    34 |   192 |    10 |       |       ||   236
       Ice dragon scales |       |       |       |       |       |       |    99 |       |       ||    99
       Troll leather arm |       |       |       |       |       |       |    41 |   173 |     6 ||   220
       Gold dragon scale |       |       |       |       |       |       |       |       |   358 ||   358
Dodge: Dodged            |    39 |    72 |    66 |   185 |   556 |   658 |   645 |   646 |   570 ||  3437
Block: Shield            |    42 |       |       |   125 |   737 |   745 |   746 |   869 |   799 ||  4063
       Buckler           |    31 |    87 |    75 |   113 |       |       |       |       |       ||   306
